 Dungeon Crawl Stone Soup version 0.30-a0-949-g53dc5368d7 (webtiles) character file.

Game seed: 907123918938095100

2171 mopl the Cudgeller (level 9, -4/74 HPs)
             Began as a Gnoll Berserker on Mar 27, 2023.
             Was an Elder of Trog.
             Killed from afar by an electric eel (13 damage)
             ... with a bolt of electricity
             ... on level 7 of the Dungeon.
             The game lasted 00:07:58 (6724 turns).

mopl the Cudgeller (Gnoll Berserker)                Turns: 6724, Time: 00:07:59

Health: -4/74      AC: 16    Str: 20    XL:     9   Next: 32%
Magic:  15/15      EV: 10    Int:  6    God:    Trog [****..]
Gold:   434        SH:  0    Dex: 13    Spells: 16/16 levels left

rFire   . . .      SeeInvis .    m - +2 dire flail (drain)
rCold   . . .      Faith    .    (shield currently unavailable)
rNeg    . . .      Spirit   .    H - +0 chain mail
rPois   .          Reflect  .    o - +0 helmet
rElec   .          Rampage  .    k - +0 cloak
rCorr   .                        G - +1 pair of gloves
Will    .....                    B - +0 pair of boots Stlth
                                 (no amulet)
HPRegen 0.32/turn                b - ring of flight
MPRegen 0.14/turn                (no ring)

@: flying
A: fangs 1, strong nose, distributed training
a: Renounce Religion, Berserk, Trog's Hand, Brothers in Arms


You were on level 7 of the Dungeon.
You worshipped Trog.
Trog was greatly pleased with you.
You visited 1 branch of the dungeon, and saw 7 of its levels.
You also visited: Ossuary.

You collected 434 gold pieces.

Inventory:

Hand Weapons
 a - a +0 flail
 m - a +2 dire flail of draining (weapon)
 w - a +3 quarterstaff of chaos
 x - a +1 hammer of holy wrath
 A - a +2 whip of flaming
Missiles
 c - 2 boomerangs
 d - 3 curare-tipped darts
 h - 38 poisoned darts (quivered)
 E - 3 atropa-tipped darts
 F - 2 throwing nets
Armour
 k - a +0 cloak (worn)
 o - a +0 helmet (worn)
 B - a +0 pair of boots (worn)
 G - a +1 pair of gloves (worn)
 H - a +0 chain mail (worn)
Jewellery
 b - a ring of flight (left hand)
Wands
 D - a wand of flame (15)
Scrolls
 e - a scroll of poison {unknown}
 f - 3 scrolls of fear {unknown}
 l - 6 scrolls of immolation
 n - a scroll of silence {unknown}
 r - 4 scrolls of fog {unknown}
 s - 10 scrolls of teleportation
 t - a scroll of amnesia {unknown}
 y - a scroll of magic mapping {unknown}
Potions
 i - 3 potions of curing
 j - a potion of magic
 p - 2 potions of lignification {!q}
 v - 2 potions of cancellation
 z - 2 potions of might
 C - a potion of haste


   Skills:
 + Level 7.9 Fighting
 + Level 4.3 Short Blades
 + Level 4.3 Long Blades
 + Level 4.3 Axes
 + Level 7.9 Maces & Flails
 + Level 4.3 Polearms
 + Level 4.3 Staves
 + Level 4.3 Ranged Weapons
 + Level 4.3 Throwing
 + Level 6.3 Armour
 + Level 6.3 Dodging
 + Level 4.3 Stealth
 + Level 4.3 Shields
 + Level 4.3 Unarmed Combat
 + Level 4.3 Spellcasting
 + Level 3.5 Conjurations
 + Level 3.5 Hexes
 + Level 3.5 Summonings
 + Level 3.5 Necromancy
 + Level 3.5 Translocations
 + Level 3.5 Transmutations
 + Level 3.5 Fire Magic
 + Level 3.5 Ice Magic
 + Level 3.5 Air Magic
 + Level 3.5 Earth Magic
 + Level 3.5 Poison Magic
 + Level 4.7 Invocations
 + Level 4.3 Evocations


You had 16 spell levels left.
You didn't know any spells.
Your spell library was empty.

Dungeon Overview and Level Annotations

Branches:
Dungeon (7/15)             Temple (0/1) D:6         Ossuary (visited)

Altars:
Elyvilon
Hepliaklqana
Kikubaaqudgha
Makhleb
Sif Muna
Trog
Xom
Yredelemnul
The Shining One

Shops:
D:7 [

Annotations:
D:6 2 transporters


Innate Abilities, Weirdness & Mutations

You have very sharp teeth.
Your uncanny sense of smell can sniff out nearby items.
Your experience applies equally to all skills.


Message History

As you read the scroll of identify, it crumbles to dust.
q - a potion of brilliance
As you read the scroll of identify, it crumbles to dust.
i - 3 potions of curing
As you read the scroll of identify, it crumbles to dust.
p - 2 potions of lignification You drop a potion of brilliance.
You drop 2 potions of degeneration.
There is an open door here.
You reach down and open the door.
Found a stone staircase leading down.
Found a trident.
There is an open door here.
There is a stone staircase leading down here.
You see here a +0 trident.
The electric eel shoots out a bolt of lightning at you!
The bolt of electricity hits you!
The electric eel shoots out a bolt of lightning at you!
The bolt of electricity hits you!
The electric eel shoots out a bolt of lightning at you!
The bolt of electricity hits you.
The electric eel shoots out a bolt of lightning at you!
The bolt of electricity misses you.
The bolt of electricity hits you but does no damage.
The electric eel shoots out a bolt of lightning at you!
The bolt of electricity hits you.
The electric eel shoots out a bolt of lightning at you!
The bolt of electricity hits you!
You are too injured to fight recklessly!
You are too injured to fight recklessly!
The electric eel shoots out a bolt of lightning at you!
The bolt of electricity hits you!
* * * LOW HITPOINT WARNING * * *
The bolt of electricity hits you!
* * * LOW HITPOINT WARNING * * *
The electric eel shoots out a bolt of lightning at you!
The bolt of electricity misses you.
The electric eel shoots out a bolt of lightning at you!
The bolt of electricity hits you!
You die...

#.##.≈#≈≈≈≈......##
#....≈≈≈≈#≈≈≈≈....#.#
#..≈≈≈#≈≈≈≈#≈....#.#
##..≈#≈S≈≈#≈≈≈.##.#.#
....≈S≈≈#≈≈≈≈..##.#.### #
...≈≈≈#≈≈≈≈#≈....>.... .#
...≈#≈≈≈≈#≈≈≈.#.#.#.###.#
#.≈≈≈≈#≈≈≈≈..#.#.......#.
#....≈≈≈@#≈....#.........
####....≈≈≈....#.......#.
#..#......^.#.......#
##..#..##...#.#.#####
##.........#.#.#
#######..##.#.#
#........#.# #.######.#.#
#.#........#


You could see an electric eel.

Vanquished Creatures
  Pikel (D:4)
  Sigmund (D:6)
  Edmund (D:6)
  A water moccasin (D:3)
  An ogre (D:6)
  An orc warrior (D:5)
  An ice beast (D:6)
  3 lemures (D:4)
  A kobold brigand (D:6)
  A scorpion (D:6)
  A lava snake (D:7)
  3 hounds
  A centaur zombie (Ossuary)
  A gnoll bouda (D:6)
  3 human zombies (Ossuary)
  A jelly (D:6)
  5 orc priests (D:6)
  Crazy Yiuf (D:3)
  4 iguanas
  An orc wizard (D:6)
  A hound zombie (Ossuary)
  4 mummies
  Robin (D:2)
  4 adders
  7 gnolls
  2 shadow imps
  2 white imps
  An ufetubus (D:6)
  4 adder zombies (Ossuary)
  A worm (D:2)
  A dart slug (D:4)
  12 orcs
  3 endoplasms
  22 giant cockroaches
  5 gnoll zombies (Ossuary)
  10 goblins
  11 hobgoblins
  2 jackals (D:2)
  12 kobolds
  A quokka (D:3)
  6 ball pythons
  8 bats
  5 frilled lizards
  2 goblin zombies (Ossuary)
  4 hobgoblin zombies (Ossuary)
  3 jackal zombies (Ossuary)
  3 kobold zombies (Ossuary)
  An orc zombie (Ossuary)
  5 quokka zombies (Ossuary)
  6 rats
  4 rat zombies (Ossuary)
186 creatures vanquished.

Vanquished Creatures (others)
  11 fungi (D:5)
11 creatures vanquished.

Grand Total: 197 creatures vanquished

Notes
Turn   | Place    | Note
-------+----------+-------------------------------------------
     0 | D:1      | mopl the Gnoll Berserker began the quest for the Orb.
     0 | D:1      | Reached XP level 1. HP: 23/23 MP: 1/1
   119 | D:1      | Found a faded altar of an unknown god.
   243 | D:1      | Reached XP level 2. HP: 26/29 MP: 2/2
   860 | D:1      | Reached XP level 3. HP: 30/35 MP: 3/3
  1083 | D:2      | Reached ** piety under Trog
  1136 | D:2      | Reached skill level 1 in Invocations
  1159 | D:2      | Reached skill level 1 in Short Blades
  1159 | D:2      | Reached skill level 1 in Long Blades
  1159 | D:2      | Reached skill level 1 in Axes
  1159 | D:2      | Reached skill level 1 in Polearms
  1159 | D:2      | Reached skill level 1 in Staves
  1159 | D:2      | Reached skill level 1 in Ranged Weapons
  1159 | D:2      | Reached skill level 1 in Throwing
  1159 | D:2      | Reached skill level 1 in Stealth
  1159 | D:2      | Reached skill level 1 in Shields
  1159 | D:2      | Reached skill level 1 in Unarmed Combat
  1159 | D:2      | Reached skill level 1 in Spellcasting
  1159 | D:2      | Reached skill level 1 in Evocations
  1360 | D:2      | Noticed Robin
  1380 | D:2      | Reached XP level 4. HP: 41/41 MP: 5/5
  1405 | D:2      | Killed Robin
  1406 | D:2      | Reached skill level 1 in Conjurations
  1406 | D:2      | Reached skill level 1 in Hexes
  1406 | D:2      | Reached skill level 1 in Summonings
  1406 | D:2      | Reached skill level 1 in Necromancy
  1406 | D:2      | Reached skill level 1 in Translocations
  1406 | D:2      | Reached skill level 1 in Transmutations
  1406 | D:2      | Reached skill level 1 in Fire Magic
  1406 | D:2      | Reached skill level 1 in Ice Magic
  1406 | D:2      | Reached skill level 1 in Air Magic
  1406 | D:2      | Reached skill level 1 in Earth Magic
  1406 | D:2      | Reached skill level 1 in Poison Magic
  1578 | D:2      | Reached XP level 5. HP: 17/47 MP: 5/7
  1944 | D:3      | Found a runed translucent door.
  1945 | D:3      | Noticed Crazy Yiuf
  2064 | D:3      | Noticed a water moccasin
  2075 | D:3      | Killed a water moccasin
  2076 | D:3      | Reached skill level 2 in Invocations
  2076 | D:3      | Reached XP level 6. HP: 53/53 MP: 8/8
  2099 | D:3      | Found a basalt altar of Yredelemnul.
  2310 | D:3      | Found a glowing golden altar of the Shining One.
  2519 | D:3      | Killed Crazy Yiuf
  2520 | D:3      | Reached skill level 2 in Short Blades
  2520 | D:3      | Reached skill level 2 in Long Blades
  2520 | D:3      | Reached skill level 2 in Axes
  2520 | D:3      | Reached skill level 2 in Polearms
  2520 | D:3      | Reached skill level 2 in Staves
  2520 | D:3      | Reached skill level 2 in Ranged Weapons
  2520 | D:3      | Reached skill level 2 in Throwing
  2520 | D:3      | Reached skill level 5 in Armour
  2520 | D:3      | Reached skill level 5 in Dodging
  2520 | D:3      | Reached skill level 2 in Stealth
  2520 | D:3      | Reached skill level 2 in Shields
  2520 | D:3      | Reached skill level 2 in Unarmed Combat
  2520 | D:3      | Reached skill level 2 in Spellcasting
  2520 | D:3      | Reached skill level 2 in Evocations
  2869 | D:4      | Noticed Pikel
  3101 | D:4      | Killed Pikel
  3102 | D:4      | Reached skill level 7 in Fighting
  3102 | D:4      | Reached skill level 7 in Maces & Flails
  3102 | D:4      | Reached skill level 2 in Conjurations
  3102 | D:4      | Reached skill level 2 in Hexes
  3102 | D:4      | Reached skill level 2 in Summonings
  3102 | D:4      | Reached skill level 2 in Necromancy
  3102 | D:4      | Reached skill level 2 in Translocations
  3102 | D:4      | Reached skill level 2 in Transmutations
  3102 | D:4      | Reached skill level 2 in Fire Magic
  3102 | D:4      | Reached skill level 2 in Ice Magic
  3102 | D:4      | Reached skill level 2 in Air Magic
  3102 | D:4      | Reached skill level 2 in Earth Magic
  3102 | D:4      | Reached skill level 2 in Poison Magic
  3102 | D:4      | Reached skill level 3 in Invocations
  3102 | D:4      | Reached XP level 7. HP: 60/60 MP: 9/11
  3156 | D:4      | Found a bloodstained altar of Trog.
  3782 | D:5      | Entered Level 5 of the Dungeon
  3802 | D:5      | Found an ancient bone altar of Kikubaaqudgha.
  3815 | D:5      | Reached *** piety under Trog
  3969 | D:5      | Reached skill level 3 in Short Blades
  3969 | D:5      | Reached skill level 3 in Long Blades
  3969 | D:5      | Reached skill level 3 in Axes
  3969 | D:5      | Reached skill level 3 in Polearms
  3969 | D:5      | Reached skill level 3 in Staves
  3969 | D:5      | Reached skill level 3 in Ranged Weapons
  3969 | D:5      | Reached skill level 3 in Throwing
  3969 | D:5      | Reached skill level 3 in Stealth
  3969 | D:5      | Reached skill level 3 in Shields
  3969 | D:5      | Reached skill level 3 in Unarmed Combat
  3969 | D:5      | Reached skill level 3 in Spellcasting
  3969 | D:5      | Reached skill level 3 in Evocations
  3969 | D:5      | Reached XP level 8. HP: 66/67 MP: 12/12
  4170 | D:5      | Found a shimmering blue altar of Sif Muna.
  4175 | D:5      | Found a white marble altar of Elyvilon.
  4177 | D:5      | Found a shimmering altar of Xom.
  4183 | D:5      | Found a hazy altar of Hepliaklqana.
  4448 | D:6      | Found a staircase to the Ecumenical Temple.
  4513 | D:6      | Noticed a kobold demonologist
  4516 | D:6      | Found a transporter.
  4567 | D:6      | Noticed an orc high priest
  4942 | D:6      | Reached skill level 3 in Conjurations
  4942 | D:6      | Reached skill level 3 in Hexes
  4942 | D:6      | Reached skill level 3 in Summonings
  4942 | D:6      | Reached skill level 3 in Necromancy
  4942 | D:6      | Reached skill level 3 in Translocations
  4942 | D:6      | Reached skill level 3 in Transmutations
  4942 | D:6      | Reached skill level 3 in Fire Magic
  4942 | D:6      | Reached skill level 3 in Ice Magic
  4942 | D:6      | Reached skill level 3 in Air Magic
  4942 | D:6      | Reached skill level 3 in Earth Magic
  4942 | D:6      | Reached skill level 3 in Poison Magic
  4942 | D:6      | Reached skill level 4 in Invocations
  4995 | D:6      | Found a transporter.
  5051 | D:6      | Reached skill level 6 in Armour
  5051 | D:6      | Reached skill level 6 in Dodging
  5316 | D:6      | Found a burning altar of Makhleb.
  6003 | D:6      | Noticed Edmund
  6023 | D:6      | Killed Edmund
  6024 | D:6      | Reached skill level 4 in Short Blades
  6024 | D:6      | Reached skill level 4 in Long Blades
  6024 | D:6      | Reached skill level 4 in Axes
  6024 | D:6      | Reached skill level 4 in Polearms
  6024 | D:6      | Reached skill level 4 in Staves
  6024 | D:6      | Reached skill level 4 in Ranged Weapons
  6024 | D:6      | Reached skill level 4 in Throwing
  6024 | D:6      | Reached skill level 4 in Stealth
  6024 | D:6      | Reached skill level 4 in Shields
  6024 | D:6      | Reached skill level 4 in Unarmed Combat
  6024 | D:6      | Reached skill level 4 in Spellcasting
  6024 | D:6      | Reached skill level 4 in Evocations
  6024 | D:6      | Reached XP level 9. HP: 71/71 MP: 13/15
  6028 | D:6      | Noticed Sigmund
  6044 | D:6      | Killed Sigmund
  6246 | D:7      | Found Peatzese's Antique Armour Shoppe.
  6280 | D:7      | Found a sand-covered staircase.
  6291 | Ossuary  | Entered an ossuary
  6403 | Ossuary  | Reached **** piety under Trog
  6724 | D:7      | Killed from afar by an electric eel

Illustrated notes

Levels and vault maps discovered:
D:1:      minmay_arrival_three_doors, layout_basic,
          ebering_ecumenical_altar_sacrificial, amethyst_killhole
D:2:      minmay_roachtagon, layout_loops_corners, uniq_robin
D:3:      kennysheep_six_static_rooms, layout_basic, lemuel_tele_altar,
          mainiacjoe_overflow_cross_hatched, uniq_crazy_yiuf_cottage
D:4:      layout_layer_cave, mainiacjoe_overflow_brackets, uniq_pikel
D:5:      layout_rooms, nicolae_overflow_hallway_of_the_gods, serial_aquarium,
          aquarium_bridge_square [aquarium_subvault_bridge,
          aquarium_subvault_window, aquarium_subvault_balcony,
          aquarium_subvault_bridge], aquarium_bridge_island_small
          [aquarium_subvault_small_open, aquarium_subvault_bridge,
          aquarium_subvault_bridge, aquarium_subvault_bridge,
          aquarium_subvault_bridge], aquarium_window_fake,
          aquarium_window_double, aquarium_window_corner,
          aquarium_window_corner, aquarium_view_2b, aquarium_view_2b,
          hangedman_decor_riveting, roderic_serpentine_path
D:6:      gammafunk_wand_slinger, layout_layer_cave, makhleb_heckhound_becter,
          minmay_temple_entry_slanted, sigmund_edmund_badplayer
D:7:      layout_basic, grunt_dithmenos_smoke_and_mirrors,
          gup_ossuary_entry_pyramid, serial_shops, nicolae_diamond_shop,
          nicolae_lava_and_water

Skill      XL: |  1  2  3  4  5  6  7  8 |
---------------+-------------------------+-----
Invocations    | 1 2 3 4 |  4.7
Short Blades   | 1 2 3 4 |  4.3
Long Blades    | 1 2 3 4 |  4.3
Axes           | 1 2 3 4 |  4.3
Polearms       | 1 2 3 4 |  4.3
Staves         | 1 2 3 4 |  4.3
Ranged Weapons | 1 2 3 4 |  4.3
Throwing       | 1 2 3 4 |  4.3
Stealth        | 1 2 3 4 |  4.3
Shields        | 1 2 3 4 |  4.3
Unarmed Combat | 1 2 3 4 |  4.3
Spellcasting   | 1 2 3 4 |  4.3
Evocations     | 1 2 3 4 |  4.3
Conjurations   | 1 2 3 |  3.5
Hexes          | 1 2 3 |  3.5
Summonings     | 1 2 3 |  3.5
Necromancy     | 1 2 3 |  3.5
Translocations | 1 2 3 |  3.5
Transmutations | 1 2 3 |  3.5
Fire Magic     | 1 2 3 |  3.5
Ice Magic      | 1 2 3 |  3.5
Air Magic      | 1 2 3 |  3.5
Earth Magic    | 1 2 3 |  3.5
Poison Magic   | 1 2 3 |  3.5
Armour         | 5 6 |  6.3
Dodging        | 5 6 |  6.3
Fighting       | 7 |  7.9
Maces & Flails | 7 |  7.9

Action                     |  1- 3 |  4- 6 |  7- 9 || total
---------------------------+-------+-------+-------++-------
  Melee: Mace              |   145 |    90 |       ||   235
         Bite              |    10 |    17 |    45 ||    72
         Punch             |     2 |     1 |     8 ||    11
         Flail             |       |    74 |   221 ||   295
         Dire flail        |       |       |   114 ||   114
  Throw: Dart              |       |       |     9 ||     9
 Invoke: Berserk           |     1 |     4 |     5 ||    10
    Use: Scroll            |       |       |    10 ||    10
   Stab: Sleeping          |     1 |       |     1 ||     2
 Armour: Animal skin       |    35 |       |       ||    35
         Ring mail         |    19 |    69 |    73 ||   161
         Chain mail        |       |       |    60 ||    60
  Dodge: Dodged            |   122 |   102 |   166 ||   390

Table legend: (Time is in decaauts)
 A = Elapsed time spent in this place.
 B = Non-inter-level travel time spent in this place.
 C = Inter-level travel time spent in this place.
 D = Time resting spent in this place.
 E = Time spent auto-exploring this place.
 F = Levels seen in this place.
 G = Mean time per level.
                   A        B        C        D        E       F      G
               +--------+--------+--------+--------+--------+-----+--------+
         Total |   6821 |   6663 |    158 |    524 |   4615 |   8 |  852.6 |
       Dungeon |   6564 |   6406 |    158 |    524 |   4502 |   7 |  937.7 |
       Ossuary |    257 |    257 |      0 |      0 |    113 |   1 |  257.0 |
               +--------+--------+--------+--------+--------+-----+--------+

Top non-repeatable levels by time:
     D:6: 1837 daAuts
     D:4: 1237 daAuts
     D:2: 988 daAuts
     D:1: 961 daAuts
     D:3: 659 daAuts
     D:5: 624 daAuts
 Ossuary: 257 daAuts
     D:7: 255 daAuts
